Map: 블랙번 - 래더

Players

AgoElazer (Elazer)

  • Race: Zerg Zerg

Zoun - Winner!

  • Race: Protoss Protoss

VOD

Have the link to the VOD?

Description

Time

  • Played on: Oct. 21, 2021, 7:54 a.m.
  • Length: 7:05
Show
View Real Time Build Order
Export as new Build Order

AgoElazer Zerg 

Build Orders: Hatch First 

Get SALT Encoding   

  12  0:00  Drone  
  13  0:12  Overlord  
  13  0:17  Drone  
  14  0:30  Drone x2  
  16  0:49  Hatchery  
  15  0:52  Drone  
  15  0:55  Drone  
  17  0:59  Drone  
  18  1:09  Extractor  
  17  1:14  Spawning Pool  
  17  1:18  Drone  
  17  1:22  Drone  
  18  1:28  Drone  
  19  1:38  Drone  
  20  1:50  Overlord  
  20  2:00  Queen  
  22  2:01  Drone  
  22  2:02  Queen, Zergling x2  
  26  2:12  Zergling x2  
  26  2:13  Drone, Metabolic Boost  
  28  2:22  Drone  
  29  2:23  Drone  
  30  2:32  Drone  
  30  2:33  Drone  
  32  2:38  Queen  
  34  2:53  Overlord  
  34  2:54  Drone  
  34  2:55  Hatchery  
  34  2:58  Drone  
  35  3:05  Overlord  
  35  3:10  Queen  
  35  3:12  Drone x3  
  40  3:14  Drone  
  40  3:15  Drone  
  40  3:19  Drone  
  43  3:21  Drone  
  43  3:26  Queen  
  46  3:29  Overlord  
  46  3:33  Overlord  
  46  3:37  Drone x2  
  48  3:41  Drone x2  
  48  3:42  Drone  
  48  3:46  Drone  
  48  3:47  Drone  
  53  3:51  Spore Crawler  
  53  3:52  Drone  
  53  3:58  Roach Warren  
  53  3:59  Overlord  
  53  4:02  Zergling x2  
  53  4:03  Zergling x2  
  53  4:08  Zergling x6  
  57  4:14  Zergling x10  
  62  4:19  Overlord  
  62  4:25  Zergling x8  
  62  4:31  Spore Crawler, Zergling x4  
  67  4:38  Overlord  
  67  4:40  Drone x2  
  67  4:42  Lair  
  69  4:46  Spore Crawler  
  69  4:47  Drone  
  69  4:48  Drone x4  
  74  4:52  Drone  
  74  4:53  Drone  
  74  4:57  Overlord  
  75  5:02  Drone x5  
  75  5:06  Overlord  
  80  5:16  Extractor  
  80  5:17  Drone x3  
  82  5:23  Hatchery, Overlord  
  82  5:27  Queen  
  82  5:28  Queen  
  85  5:31  Drone x3  
  85  5:34  Drone x4  
  92  5:39  Extractor  
  92  5:41  Drone x4  
  95  5:45  Extractor, Glial Reconstitution  
  95  5:47  Extractor  
  95  5:49  Drone x2, Infestation Pit, Extractor  
  93  5:52  Overlord  
  93  5:59  Overlord  
  93  6:00  Roach  
  93  6:01  Roach x3  
  100  6:05  Roach x2  
  100  6:10  Roach x2  
  108  6:13  Overlord  
  108  6:18  Roach x2, Zergling x10  
  112  6:23  Ravager  
  118  6:31  Roach x4  
  126  6:37  Ravager  
  115  6:40  Roach  
Show
View Real Time Build Order
Export as new Build Order

Zoun Protoss - Winner!

Build Orders: 1 Gate Expand, Colossus Rush 

Get SALT Encoding   

  12  0:00  Probe  
  13  0:12  Probe  
  14  0:20  Pylon  
  14  0:24  Probe  
  15  0:38  Probe (Chrono Boost)  
  15  0:41  Gateway  
  16  0:47  Probe (Chrono Boost)  
  17  0:50  Assimilator  
  17  0:52  Probe (Chrono Boost)  
  19  1:04  Probe  
  19  1:16  Probe  
  20  1:26  Nexus  
  20  1:36  Cybernetics Core  
  20  1:38  Probe  
  21  1:45  Assimilator  
  21  1:51  Probe  
  22  1:54  Pylon  
  22  2:03  Probe  
  23  2:09  Adept (Chrono Boost)  
  23  2:13  Warp Gate  
  23  2:15  Probe  
  26  2:21  Robotics Facility  
  26  2:27  Probe  
  27  2:34  Stalker  
  29  2:39  Probe x2 (Chrono Boost)  
  31  2:49  Probe x2 (Chrono Boost)  
  33  2:53  Probe (Chrono Boost)  
  33  2:54  Probe (Chrono Boost)  
  36  3:05  Probe  
  36  3:06  Probe, Gateway  
  36  3:09  Observer  
  38  3:14  Robotics Bay  
  38  3:18  Probe  
  38  3:19  Probe  
  40  3:22  Shield Battery  
  40  3:28  Warp Prism (Chrono Boost)  
  42  3:34  Pylon  
  42  3:38  Probe  
  42  3:40  Probe  
  44  3:43  Assimilator  
  44  3:47  Assimilator  
  44  3:50  Probe  
  45  3:58  Disruptor (Chrono Boost)  
  45  4:01  Gravitic Drive  
  48  4:03  Pylon  
  48  4:04  Probe x2  
  48  4:09  Adept  
  52  4:16  Probe x2  
  54  4:19  Pylon  
  54  4:23  Disruptor (Chrono Boost)  
  54  4:28  Probe x2  
  59  4:33  Gateway  
  59  4:35  Gateway  
  59  4:46  Pylon  
  59  4:49  Colossus (Chrono Boost)  
  65  4:54  Sentry, Adept  
  69  5:01  Pylon  
  69  5:06  Gateway  
  69  5:09  Gateway  
  69  5:14  Observer  
  69  5:17  Gateway  
  69  5:18  Gateway  
  69  5:28  Sentry x3  
  75  5:31  Pylon  
  75  5:32  Stalker  
  77  5:48  Pylon  
  77  5:49  Pylon  
  77  5:51  Adept  
  77  5:53  Stalker x2  
  83  6:13  Zealot x6  
  83  6:16  Stalker  
  83  6:17  Stalker  
  99  6:38  Stalker x3  
  99  6:39  Stalker x2  
  109  6:45  Zealot  
  107  6:53  Zealot x2  
  103  7:02  Zealot x3  
Tags
 
Add a new tag
Caveats
  • Supply blocks, unpowered buildings, or Contaminate may cause inaccurate times.
  • Supply counts are checked every 10 seconds.